 Dungeon Crawl Stone Soup version 0.20.0-8-g6b59dc7 (webtiles) character file.

3937 Kosschaser the Basher (level 10, -8/59 HPs)
             Began as a Gargoyle Skald on May 30, 2017.
             Was a Believer of Okawaru.
             Killed from afar by RKaid's ghost (18 damage)
             ... with a spray of energy
             ... on level 9 of the Dungeon.
             The game lasted 00:20:11 (7513 turns).

Kosschaser the Basher (Gargoyle Skald)              Turns: 7513, Time: 00:20:11

Health: -8/59      AC: 17    Str: 16    XL:     10   Next: 21%
Magic:  12/13      EV: 15    Int: 13    God:    Okawaru [**....]
Gold:   395        SH: 12    Dex: 12    Spells: 12/13 levels left

rFire    . . .     SeeInvis .   u - +4 mace (protect)
rCold    . . .     Gourm    .   B - +2 shield
rNeg     + . .     Faith    .   H - +1 leather armour {MR+}
rPois    ∞         Spirit   .   k - +2 helmet
rElec    +         Reflect  .   w - +2 cloak {+Inv}
rCorr    +         Harm     .   (no gloves)
MR       +....                  (no boots)
Stlth    +.........             l - amulet of regeneration
Regen    0.6/turn               y - +2 ring of evasion
MPRegen  0.2/turn               a - ring of resist corrosion

@: no status effects
A: negative energy resistance 1, electricity resistance, unbreathing,
petrification resistance, rot immunity, AC +7
a: Heroism, Renounce Religion, Evoke Invisibility


You were on level 9 of the Dungeon.
You worshipped Okawaru.
Okawaru was pleased with you.
You were very hungry.

You visited 2 branches of the dungeon, and saw 10 of its levels.

You collected 395 gold pieces.

Inventory:

Hand Weapons
 u - a +4 mace of protection (weapon)
Armour
 k - a +2 helmet (worn)
 w - a +2 cloak of invisibility (worn)
 x - a +2 leather armour of cold resistance
 B - a +2 shield (worn)
 H - a +1 leather armour of magic resistance (worn)
Jewellery
 a - a ring of resist corrosion (right hand)
 b - an uncursed ring of protection from fire {unknown}
 l - an amulet of regeneration (around neck)
 y - a +2 ring of evasion (left hand)
Wands
 m - a wand of confusion (33/48)
 p - a wand of polymorph (17/24)
 q - a wand of clouds (3/9)
 K - a wand of acid (8/15)
Scrolls
 j - 4 scrolls of enchant armour
 n - 5 scrolls of amnesia
 v - 2 scrolls of enchant weapon {unknown}
 A - a scroll of torment {unknown}
 C - a scroll of recharging
 D - a scroll of fog
 E - 2 scrolls of teleportation {unknown}
 F - 2 scrolls of remove curse
 J - a scroll of magic mapping {unknown}
 L - a scroll of identify
 M - a scroll of silence {unknown}
Potions
 e - 2 potions of heal wounds
 f - 4 potions of curing {unknown}
 g - a potion of lignification {unknown}
 i - 3 potions of might {unknown}
 o - 3 potions of flight {unknown}
 s - a potion of cancellation {unknown}
 t - 2 potions of brilliance {unknown}
 z - a potion of degeneration {unknown}
 G - a potion of magic {unknown}
 I - a potion of haste
Books
 c - a book of Battle

   Spells                             Type                      Level
   a - Infusion                       Charms                       1
   b - Shroud of Golubria             Charms/Translocation         2
   c - Song of Slaying                Charms                       2
   d - Spectral Weapon                Hexes/Charms                 3
   e - Regeneration                   Charms/Necromancy            3
Comestibles
 d - 4 bread rations
 h - 5 meat rations
 r - 13 fruits


   Skills:
 + Level 5.2 Fighting
 + Level 8.9 Maces & Flails
 + Level 3.5 Armour
 * Level 6.7 Dodging
 + Level 6.7 Shields
 + Level 2.1 Spellcasting
 + Level 3.1 Charms


You had 12 spell levels left.
You knew the following spells:

 Your Spells              Type           Power        Failure   Level  Hunger
a - Infusion              Chrm           #...         26%         1    ##.....


Dungeon Overview and Level Annotations

Branches:
Dungeon (9/15)             Temple (1/1) D:6
   Lair: D:8-11         Orc: D:9-12

Altars:
Cheibriados
Fedhas
Makhleb
Okawaru
Qazlal
Ru
Sif Muna
Trog
Vehumet
Xom
Zin

Annotations:
D:9 RKaid's ghost, novice DECj


Innate Abilities, Weirdness & Mutations

You are resistant to torment.
Your stone body is resilient. (AC +7)
You are immune to poison.
You resist negative energy. (rN+)
You are resistant to electric shocks. (rElec)
You can survive without breathing.
You are immune to petrification.
You are immune to rotting.


Message History

You hit RKaid's ghost but do no damage.
RKaid's ghost is lightly damaged.
RKaid's ghost casts a spell at you. The spray of energy hits you!
You barely miss RKaid's ghost.
RKaid's ghost is lightly damaged.
You closely miss RKaid's ghost.
RKaid's ghost is lightly damaged.
RKaid's ghost casts a spell at you. The orb of energy hits you!
* * * LOW HITPOINT WARNING * * *
Okay, then.
RKaid's ghost points at you and mumbles some strange words.
You block the spray of energy.
You feel like a meek peon again.
RKaid's ghost whispers, "There is no future for you."
You are feeling very hungry.
RKaid's ghost casts a spell at you. The spray of energy hits you!
You die...

#..# #.## ##.#
#..# #.## #
###'###### #.#
#........####....
#........#.......
#.....@..W.#
#........###
#........#
##########


You could see RKaid's ghost.

Vanquished Creatures
  A hippogriff (D:7)
  A hungry ghost (D:8)
  Edmund (D:3)
  The ghost of Jannitor the Covered, an amateur GrFi of Okawaru (D:4)
  A water moccasin (D:7)
  Duvessa (D:4)
  2 ice beasts
  2 orc warriors
  3 sky beasts
  A phantom (D:9)
  A necrophage (D:8)
  2 ogres
  The ghost of Kosschaser the Cudgeler, an amateur GrSk (D:3)
  A big kobold (D:7)
  5 bullfrogs
  Dowan (D:4)
  2 scorpions
  3 wights (D:8)
  A crimson imp (D:6)
  2 centaur zombies (D:5)
  2 quasits
  3 jellies
  4 orc priests
  Crazy Yiuf (D:3)
  A centaur skeleton (D:5)
  7 hounds
  2 bullfrog skeletons
  Ijyb (D:4)
  5 iguanas
  Natasha (thrice) (D:4)
  3 orc wizards
  8 worker ants
  17 adders
  An adder skeleton (D:5)
  3 worms
  2 dart slugs (D:1)
  4 leopard geckos
  31 orcs
  2 giant cockroaches (D:1)
  3 hobgoblins
  2 jackals (D:2)
  A quokka (D:4)
  4 bats (D:2)
  10 frilled lizards
  7 goblins
  A jackal skeleton (D:7)
  12 kobolds
  A leopard gecko zombie (D:5)
  2 quokka skeletons
  A quokka zombie (D:6)
  6 rats
183 creatures vanquished.

Notes
Turn   | Place    | Note
-------+----------+-------------------------------------------
     0 | D:1      | Kosschaser the Gargoyle Skald began the quest for the Orb.
     0 | D:1      | Reached XP level 1. HP: 12/12 MP: 3/3
   155 | D:1      | Reached XP level 2. HP: 12/17 MP: 5/5
   856 | D:2      | Reached XP level 3. HP: 10/22 MP: 6/6
  1104 | D:2      | Reached skill level 3 in Maces & Flails
  1303 | D:2      | Reached XP level 4. HP: 17/27 MP: 7/7
  1722 | D:2      | Found a snail-covered altar of Cheibriados.
  2077 | D:3      | Reached XP level 5. HP: 26/31 MP: 8/8
  2151 | D:3      | Noticed Kosschaser's ghost (amateur GrSk)
  2169 | D:3      | Killed Kosschaser's ghost
  2169 | D:3      | Reached skill level 4 in Maces & Flails
  2394 | D:3      | Found a runed door.
  2620 | D:3      | Reached XP level 6. HP: 34/36 MP: 9/9
  2621 | D:3      | Found a blossoming altar of Fedhas.
  2709 | D:3      | Noticed Crazy Yiuf
  2714 | D:3      | Killed Crazy Yiuf
  2714 | D:3      | Reached skill level 1 in Shields
  2909 | D:4      | Noticed Jannitor's ghost (amateur GrFi)
  2943 | D:4      | Killed Jannitor's ghost
  2957 | D:4      | Noticed Edmund
  2982 | D:3      | Killed Edmund
  2982 | D:3      | Reached skill level 5 in Maces & Flails
  2982 | D:3      | Reached XP level 7. HP: 39/41 MP: 10/10
  3066 | D:4      | Noticed Duvessa
  3066 | D:4      | Noticed Dowan
  3091 | D:4      | Killed Duvessa
  3098 | D:4      | Killed Dowan
  3190 | D:4      | Noticed Natasha
  3194 | D:4      | Killed Natasha
  3236 | D:4      | Noticed Natasha
  3241 | D:4      | Killed Natasha
  3388 | D:4      | Noticed Ijyb
  3411 | D:4      | Killed Ijyb
  3538 | D:4      | Reached XP level 8. HP: 46/46 MP: 11/11
  3793 | D:4      | Noticed Natasha
  3801 | D:4      | Killed Natasha
  3854 | D:5      | Entered Level 5 of the Dungeon
  3904 | D:5      | Noticed a two-headed ogre
  4154 | D:5      | Reached skill level 6 in Maces & Flails
  4252 | D:5      | Found a radiant altar of Vehumet.
  4252 | D:5      | Found a stormy altar of Qazlal.
  4257 | D:5      | Found a sacrificial altar of Ru.
  4257 | D:5      | Found a shimmering altar of Xom.
  5026 | D:6      | Reached skill level 5 in Dodging
  5026 | D:6      | Reached XP level 9. HP: 51/52 MP: 12/12
  5079 | D:6      | Reached skill level 7 in Maces & Flails
  5079 | D:6      | Reached skill level 5 in Shields
  5084 | D:6      | Found a staircase to the Ecumenical Temple.
  5093 | Temple   | Entered the Ecumenical Temple
  5097 | Temple   | Became a worshipper of Warmaster Okawaru
  5735 | D:7      | Found Kisof's Antique Weapon Shoppe.
  5785 | D:7      | Reached skill level 8 in Maces & Flails
  5819 | D:7      | Reached * piety under Okawaru
  6626 | D:8      | Reached skill level 5 in Fighting
  6626 | D:8      | Reached XP level 10. HP: 59/59 MP: 13/13
  7168 | D:9      | Reached ** piety under Okawaru
  7310 | D:9      | Found a burning altar of Makhleb.
  7470 | D:9      | Noticed RKaid's ghost (novice DECj)
  7513 | D:9      | Killed from afar by RKaid's ghost

Skill      XL: |  1  2  3  4  5  6  7  8  9 |
---------------+----------------------------+-----
Charms         | 3 |  3.1
Maces & Flails | 3 4 5 6 8 |  8.9
Dodging        | 2 3 5 6 |  6.7
Armour         | 2 3 |  3.5
Shields        | 2 3 4 6 |  6.7
Fighting       | 3 4 5 |  5.2
Spellcasting   | |  2.1

Action                   |  1- 3 |  4- 6 |  7- 9 | 10-12 || total
-------------------------+-------+-------+-------+-------++-------
Melee: Mace              |   125 |   218 |   508 |   142 ||   993
Invok: Heroism           |       |       |       |     2 ||     2
  Use: Scroll            |       |       |    11 |       ||    11
  Eat: Chunk             |     1 |     6 |    15 |     2 ||    24
Armor: Leather armour    |    14 |       |   199 |    51 ||   264
       Chain mail        |   115 |   152 |       |       ||   267
Dodge: Dodged            |    79 |    43 |   188 |    75 ||   385
Block: Shield            |       |    26 |   179 |    98 ||   303
       Large shield      |       |    41 |   148 |       ||   189
